 Dungeon Crawl Stone Soup version 0.28.0-49-g6dfe1f597d (webtiles) character file.

Game seed: 8116004847398197838

10628 CryoSword the Cleaver (level 11, 0/94 HPs)
             Began as a Ghoul Fighter on May 13, 2022.
             Was a Priest of Ru.
             Slain by a spectral orc knight
             ... wielding a +4 vorpal dire flail
             ... summoned by Nergalle
              (4 damage)
             ... on level 11 of the Dungeon.
             The game lasted 00:25:07 (14889 turns).

CryoSword the Cleaver (Ghoul Fighter)              Turns: 14889, Time: 00:25:08

Health: 0/94       AC: 27    Str: 32    XL:     11   Next: 65%
Magic:  10/10      EV:  8    Int:  9    God:    Ru [***...]
Gold:   397        SH: 10    Dex: 10    Spells: 10/10 levels left

rFire   . . .      SeeInvis +   w - +4 broad axe (vamp)
rCold   + . .      Faith    +   i - +0 kite shield
rNeg    + + +      Spirit   .   M - +8 plate armour of Ruasinteib {Str+5}
rPois   ∞          Reflect  .   C - +2 helmet {SInv}
rElec   .          Harm     .   p - scarf {repulsion}
rCorr   .          Rampage  .   g - +1 pair of gloves
Will    +....                   n - +0 pair of boots
Stlth   ..........              E - amulet of Absolutism {Faith Drain rPois Int+4 Stlth+}
HPRegen 0.00/turn               y - ring of willpower
MPRegen 0.12/turn               D - +6 ring of strength {=R}

@: inhibited regen, studying Dodging, repel missiles
A: claws 1, cold resistance 1, negative energy resistance 3, inhibited
regeneration, torment resistance 2, no stealth, inability to use devices
a: Renounce Religion, Draw Out Power


You were on level 11 of the Dungeon.
You worshipped Ru.
Ru was most pleased with you.
You visited 2 branches of the dungeon, and saw 12 of its levels.

You collected 589 gold pieces.
You spent 192 gold pieces at shops.

Inventory:

Hand Weapons
 a - a +5 hand axe of flaming
   (You found it on level 9 of the Dungeon)
 d - a +4 war axe of freezing
   (You took it off a wight on level 8 of the Dungeon)
 s - a +0 executioner's axe
   (You found it on level 4 of the Dungeon)
 w - a +4 vampiric broad axe (weapon)
   (You took it off a centaur on level 10 of the Dungeon)
Missiles
 m - 9 poisoned darts (quivered)
 u - 11 boomerangs
 v - a silver boomerang
Armour
 g - a +1 pair of gloves (worn)
   (You found it on level 1 of the Dungeon)
 i - a +0 kite shield (worn)
   (You took it off a gnoll sergeant on level 8 of the Dungeon)
 n - a +0 pair of boots (worn)
   (You found it on level 8 of the Dungeon)
 p - a scarf of repulsion (worn)
   (You found it on level 3 of the Dungeon)
 C - a +2 helmet of see invisible (worn)
   (You bought it in a shop on level 7 of the Dungeon)
 M - the +8 plate armour of Ruasinteib (worn) {Str+5}
   (You found it on level 9 of the Dungeon)

   Str:       It affects your strength (+5).
Jewellery
 y - a ring of willpower (left hand)
   (You found it on level 8 of the Dungeon)
 z - a ring of fire
   (You found it on level 6 of the Dungeon)
 A - a ring of resist corrosion
   (You found it on level 6 of the Dungeon)
 D - a +6 ring of strength (right hand) {=R}
   (You found it on level 7 of the Dungeon)
 E - the amulet of Absolutism (around neck) {Faith Drain rPois Int+4 Stlth+}
   (You found it on level 8 of the Dungeon)

   [amulet of faith]

   It allows you to gain divine favour quickly.
   Int:       It affects your intelligence (+4).
   rPois:     It protects you from poison.
   Drain:     It drains your maximum health when unequipped.
   Stlth:     It makes you more stealthy.
 F - a ring of ice
   (You found it on level 8 of the Dungeon)
 H - a ring of protection from fire
   (You found it on level 9 of the Dungeon)
 J - the ring "Bugob" {Fly rPois rC+ Str-4 Int+7}
   (You found it on level 9 of the Dungeon)

   [ring of protection from cold]

   Str:       It affects your strength (-4).
   Int:       It affects your intelligence (+7).
   rC:        It protects you from cold.
   rPois:     It protects you from poison.
   Fly:       It grants you flight.
Scrolls
 f - 5 scrolls of teleportation {@r4}
 h - a scroll of vulnerability {unknown}
 q - a scroll of blinking
 t - 3 scrolls of fear
 G - a scroll of fog {unknown}
Potions
 b - 4 potions of heal wounds {@q2}
 c - a potion of might
 e - 2 potions of flight
 j - 4 potions of curing {@q1}
 k - a potion of invisibility {unknown}
 l - a potion of magic {unknown}
 r - a potion of ambrosia {unknown}
 x - a potion of lignification {unknown}
 B - a potion of haste {@q3}
 I - a potion of mutation {unknown}


   Skills:
 + Level 7.8 Fighting
 * Level 10.2 Axes
 + Level 6.4 Armour
 * Level 6.4 Dodging
 * Level 8.2 Shields


You had 10 spell levels left.
You didn't know any spells.
Your spell library contained the following spells:

 Spells                   Type           Power      Damage    Failure   Level
 Animate Skeleton         Necr           0%         N/A       100%        1
 Apportation              Tloc           0%         N/A       100%        1
 Shock                    Conj/Air       0%         1d3       100%        1
 Slow                     Hex            0%         N/A       100%        1
 Sting                    Tmut/Pois      0%         1d3       100%        1
 Summon Small Mammal      Summ           0%         N/A       100%        1
 Poisonous Vapours        Pois/Air       0%         N/A       100%        2
 Static Discharge         Conj/Air       0%         N/A       100%        2
 Confusing Touch          Hex            0%         N/A       100%        3
 Dazzling Flash           Conj/Hex       0%         N/A       100%        3
 Mephitic Cloud           Conj/Pois/Air  0%         N/A       100%        3
 Swiftness                Air            0%         N/A       100%        3
 Vampiric Draining        Necr           0%         2d6       100%        3
 Airstrike                Air            0%         N/A       100%        4
 Animate Armour           Summ/Erth      0%         N/A       100%        4
 Olgreb's Toxic Radiance  Pois           0%         N/A       100%        4
 Agony                    Necr           0%         N/A       100%        5
 Silence                  Hex/Air        0%         N/A       100%        5
 Eringya's Noxious Bog    Tmut/Pois      0%         N/A       100%        6
 Iron Shot                Conj/Erth      0%         9d1       100%        6
 Blade Hands              Tmut           Unusable   N/A       N/A         5

Dungeon Overview and Level Annotations

Branches:
Dungeon (11/15)            Temple (1/1) D:7             Orc (0/2) D:9
   Lair: D:8-11

Altars:
Elyvilon
Nemelex Xobeh
Okawaru
Ru
Sif Muna
Wu Jian

Shops:
D:7 *

Annotations:
D:10 3 runed translucent doors, 101zpm's ghost, journeyman DjFE
D:11 Nergalle


Innate Abilities, Weirdness & Mutations

You thrive by killing the living.
You are immune to poison.
You have sharp fingernails.
Your flesh is cold resistant. (rC+)
You are immune to negative energy. (rN+++)
You do not regenerate when monsters are visible.
You are immune to unholy pain and torment.
You cannot be stealthy.
You cannot study or use magical devices.


Message History

Saving game... please wait.
Level annotation: 3 runed translucent doors, 101zpm's ghost, journeyman DjFE Welcome back, CryoSword the Ghoul Fighter.
Ru says: Cut away your false body!
Done exploring.
Done exploring.
There is a stone staircase leading down here.
You climb downwards.
Nergalle shouts!
There is a stone staircase leading up here.
Here: Nergalle, wielding a +0 dagger of draining and wearing a +0 robe The floor.
Unknown command.
Nergalle hits you but does no damage.
You barely miss Nergalle. You block Nergalle's attack.
You closely miss Nergalle. Nergalle completely misses you.
You hit Nergalle. Nergalle hits you but does no damage.
Here: Nergalle, wielding a +0 dagger of draining and wearing a +0 robe (lightly wounded)
The floor.
You closely miss Nergalle.
Nergalle hits you but does no damage. x2
You closely miss Nergalle.
Nergalle gestures at you while chanting.
Orcish apparitions take form around you.
You barely miss Nergalle.
You redirect Nergalle's attack!
Nergalle gestures at the spectral orc while chanting.
The spectral orc is surrounded by Orcish apparitions.
You slash Nergalle!
You completely miss the spectral orc warrior.
Nergalle casts a spell at you.
Orcish apparitions take form around you.
The spectral orc warrior hits you but does no damage.
You hit Nergalle. You slash the spectral orc warrior!
You barely miss the spectral orc warrior.
You slash the spectral orc warrior! You block Nergalle's attack.
The spectral orc warrior hits you but does no damage.
The spectral orc warrior hits you with a +0 dire flail!
You block the spectral orc warrior's attack.
You block the spectral orc's attack.
You slash Nergalle!
You feel better.
You slash the spectral orc warrior!
You destroy the spectral orc warrior!
The spectral orc warrior disappears in a puff of smoke!
You hit the spectral orc warrior. You slash the spectral orc warrior!
You block Nergalle's attack.
You block the spectral orc warrior's attack.
The spectral orc warrior hits you with a +0 short sword!
The spectral orc hits you but does no damage.
Nergalle hits you but does no damage.
You barely miss Nergalle.
You hit the spectral orc warrior but do no damage.
You hit the spectral orc warrior.
You barely miss the spectral orc knight.
The spectral orc knight hits you with a +0 great sword!!
The spectral orc warrior closely misses you.
The spectral orc warrior hits you with a +0 short sword.
The spectral orc hits you but does no damage.
You block Nergalle's attack.
You slash Nergalle!
You hit the spectral orc warrior but do no damage.
You slash the spectral orc warrior! You slash the spectral orc knight!
You block the spectral orc knight's attack.
The spectral orc warrior barely misses you.
The spectral orc warrior hits you with a +0 short sword.
You block the spectral orc's attack. You block Nergalle's attack.
You hit Nergalle.
You feel better.
You hit the spectral orc warrior but do no damage.
You barely miss the spectral orc warrior.
You barely miss the spectral orc knight.
The spectral orc warrior hits you but does no damage.
You block the spectral orc knight's attack.
You block the spectral orc warrior's attack.
The spectral orc hits you but does no damage.
Nergalle points at the spectral orc and mumbles some strange words.
The spectral orc seems to speed up.
The spectral orc warrior hits you but does no damage.
The spectral orc knight hits you but does no damage.
The spectral orc barely misses you.
You block the spectral orc warrior's attack.
You barely miss Nergalle.
You barely miss the spectral orc warrior.
You hit the spectral orc warrior but do no damage.
You hit the spectral orc knight. Nergalle hits you but does no damage.
The spectral orc warrior hits you with a +0 dire flail.
You focus your inner power and blind the spectral orc warrior in retribution!
You block the spectral orc knight's attack.
You block the spectral orc warrior's attack.
You block the spectral orc's attack.
You hit Nergalle.
You hit the spectral orc warrior but do no damage.
You slice the spectral orc warrior!!
You destroy the spectral orc warrior!
The spectral orc warrior disappears in a puff of smoke!
You hit the spectral orc knight. You block Nergalle's attack.
You block the spectral orc knight's attack.
You redirect the spectral orc warrior's attack!
The spectral orc warrior barely misses itself.
The spectral orc hits you but does no damage.
Nergalle points at you and mumbles some strange words.
Orcish apparitions take form around you.
You hit Nergalle.
You feel better.
You hit the spectral orc warrior but do no damage. x2
You hit the spectral orc knight.
The spectral orc knight barely misses you.
The spectral orc hits you but does no damage.
The spectral orc warrior hits you but does no damage.
Nergalle hits you with a +0 dagger of draining.
The spectral orc warrior hits you from afar with a +0 glaive!
* * * LOW HITPOINT WARNING * * *
The spectral orc warrior hits you with a +2 trident of protection.
* * * LOW HITPOINT WARNING * * *
You focus your inner power and illuminate the spectral orc warrior in retribution!
You closely miss Nergalle.
You barely miss the spectral orc knight.
You slash the spectral orc warrior! You hit the spectral orc warrior.
The spectral orc warrior stops glowing.
The spectral orc knight closely misses you.
You block the spectral orc warrior's attack.
The spectral orc hits you but does no damage.
Nergalle barely misses you.
You block the spectral orc warrior's attack.
The spectral orc warrior is stunned by your conviction and fails to attack.
You closely miss Nergalle. You slash the spectral orc warrior!
You destroy the spectral orc warrior!
The spectral orc warrior disappears in a puff of smoke!
You slash the spectral orc warrior!
You destroy the spectral orc warrior!
The spectral orc warrior disappears in a puff of smoke!
You barely miss the spectral orc knight.
The spectral orc knight hits you with a +0 great sword.
* * * LOW HITPOINT WARNING * * *
You block the spectral orc's attack.
The spectral orc warrior hits you from afar with a +0 glaive!
* * * LOW HITPOINT WARNING * * *
Nergalle casts a spell at you.
Orcish apparitions take form around you.
You block the spectral orc knight's attack.
The spectral orc hits you but does no damage.
You closely miss Nergalle.
You hit the spectral orc knight but do no damage.
You slash the spectral orc knight! You slice the spectral orc warrior!!
The spectral orc warrior hits you but does no damage.
You block the spectral orc warrior's attack.
Nergalle barely misses you.
The spectral orc knight hits you but does no damage.
The spectral orc hits you but does no damage.
The spectral orc warrior hits you from afar with a +0 glaive!
* * * LOW HITPOINT WARNING * * *
The spectral orc knight hits you with a +4 vorpal dire flail!
* * * LOW HITPOINT WARNING * * *
You die...

## .. .# .##
.. # ###
Z###...
#...###ZZ....#
#....Z@ZZ.....
#...###o####.#
##.


ZZZ # #### You could see Nergalle, 3 spectral orcs, 4 spectral orc warriors and
2 spectral orc knights.

Vanquished Creatures
  A centaur warrior (D:9)
  2 two-headed ogres
  A deep elf pyromancer (D:9)
  A manticore (D:9)
  An ugly thing (D:9)
  A cyclops (D:9)
  Joseph (D:9)
  Maggie (D:8)
  2 trolls
  A slime creature (D:9)
  A wyvern (D:10)
  A yak (D:9)
  2 shadows
  4 vampire mosquitoes (D:10)
  An acid dragon (D:9)
  5 water moccasins
  A swamp drake (D:9)
  A hornet zombie (D:7)
  An ice beast (D:7)
  A sky beast (D:7)
  6 orc warriors
  An ogre (D:4)
  2 necrophages
  7 centaurs
  4 bullfrogs
  2 gnoll sergeants
  2 scorpions (D:6)
  A wyvern zombie (D:7)
  A water moccasin zombie (D:10)
  A wyvern skeleton (D:7)
  A water moccasin skeleton (D:5)
  A killer bee (D:9)
  18 wights
  An electric eel (D:9)
  3 howler monkeys (D:9)
  A centaur zombie (D:9)
  A hound (D:5)
  A jelly (D:7)
  A bullfrog zombie (D:6)
  4 orc priests
  A gnoll shaman (D:7)
  A centaur skeleton (D:7)
  3 iguanas
  7 orc wizards
  A hound zombie (D:5)
  2 hound skeletons
  20 gnolls
  5 adders
  A white imp (D:8)
  An ufetubus (D:6)
  2 adder skeletons (D:4)
  3 worms
  3 dart slugs
  44 orcs
  6 endoplasms
  3 giant cockroaches
  20 goblins
  13 hobgoblins
  3 jackals (D:5)
  8 kobolds
  3 ball pythons
  5 bats
  4 frilled lizards
  2 rats (D:2)
250 creatures vanquished.

Vanquished Creatures (others)
  2 plants (D:4)
2 creatures vanquished.

Grand Total: 252 creatures vanquished

Notes
Turn   | Place    | Note
-------+----------+-------------------------------------------
     0 | D:1      | CryoSword the Ghoul Fighter began the quest for the Orb.
     0 | D:1      | Reached XP level 1. HP: 19/19 MP: 0/0
   145 | D:1      | Reached skill level 2 in Axes
   250 | D:1      | Reached XP level 2. HP: 26/26 MP: 1/1
   649 | D:1      | Reached XP level 3. HP: 31/31 MP: 2/2
  1164 | D:2      | Found a faded altar of an unknown god.
  1170 | D:2      | Reached skill level 3 in Axes
  1267 | D:2      | Reached XP level 4. HP: 26/38 MP: 3/3
  2277 | D:3      | Reached XP level 5. HP: 40/45 MP: 4/4
  2381 | D:3      | Reached skill level 4 in Axes
  3782 | D:4      | Reached XP level 6. HP: 51/51 MP: 5/5
  4437 | D:4      | Reached skill level 5 in Axes
  4899 | D:4      | Reached XP level 7. HP: 35/57 MP: 6/6
  5101 | D:5      | Entered Level 5 of the Dungeon
  5311 | D:5      | Reached skill level 1 in Dodging
  5862 | D:6      | Reached skill level 6 in Axes
  6024 | D:6      | Reached XP level 8. HP: 60/66 MP: 7/7
  6101 | D:6      | Reached skill level 5 in Shields
  6150 | D:6      | Noticed a shadow
  6810 | D:6      | Killed a shadow
  7417 | D:7      | Reached skill level 5 in Fighting
  7417 | D:7      | Reached skill level 7 in Axes
  7480 | D:7      | Reached XP level 9. HP: 74/74 MP: 8/8
  7501 | D:7      | Found Hitioffo's General Store.
  7503 | D:7      | Found a sparkling altar of Nemelex Xobeh.
  7511 | D:7      | Bought a scroll of noise for 11 gold pieces
  7511 | D:7      | Bought a +1 helmet of see invisible for 181 gold pieces
  7529 | D:7      | Found a staircase to the Ecumenical Temple.
  7560 | Temple   | Entered the Ecumenical Temple
  7589 | Temple   | Became a worshipper of Ru the Awakened
  7633 | D:7      | Reached skill level 1 in Stealth
  9748 | D:8      | Identified the amulet of Absolutism {Faith Drain rPois
                  | Int+4 Stlth+}
 10234 | D:8      | Noticed Maggie
 10386 | D:8      | Killed Maggie
 10387 | D:8      | Reached skill level 8 in Axes
 10648 | D:8      | Gained mutation: You cannot be stealthy. [Ru sacrifice]
 10725 | D:8      | Reached XP level 10. HP: 47/83 MP: 9/9
 10931 | D:8      | Reached skill level 5 in Armour
 12056 | D:9      | Noticed a deep elf pyromancer
 12061 | D:9      | Noticed a green ugly thing
 12067 | D:9      | Killed a deep elf pyromancer
 12068 | D:9      | Reached skill level 9 in Axes
 12075 | D:9      | Killed a green ugly thing
 12386 | D:9      | Noticed Joseph
 12579 | D:9      | Killed Joseph
 12580 | D:9      | Reached skill level 5 in Dodging
 12684 | D:9      | Noticed a two-headed ogre
 12709 | D:9      | Killed a two-headed ogre
 12710 | D:9      | Reached XP level 11. HP: 41/92 MP: 10/10
 12975 | D:9      | Identified the +6 lajatang of the Ancients {antimagic,
                  | *Corrode +Blink Dex+5 Stlth+}
 13087 | D:9      | Found a staircase to the Orcish Mines.
 13192 | D:9      | Noticed a centaur warrior
 13193 | D:9      | Noticed a cyclops
 13195 | D:9      | Noticed a manticore
 13206 | D:9      | Killed a centaur warrior
 13213 | D:9      | Killed a cyclops
 13219 | D:9      | Killed a manticore
 13227 | D:9      | Identified the +8 plate armour of Ruasinteib {Str+5}
 13227 | D:9      | Identified the ring "Bugob" {Fly rPois rC+ Str-4 Int+7}
 13228 | D:9      | Got Mips's Guide on Feathery Poisoning
 13543 | D:9      | Found a shimmering blue altar of Sif Muna.
 13640 | D:10     | Entered Level 10 of the Dungeon
 13644 | D:10     | Gained mutation: You cannot study or use magical devices.
                  | [Ru sacrifice]
 13644 | D:10     | Reached * piety under Ru
 13644 | D:10     | Reached ** piety under Ru
 13644 | D:10     | Reached *** piety under Ru
 13767 | D:10     | Reached skill level 10 in Axes
 14067 | D:10     | Found a runed translucent gate.
 14068 | D:10     | Found a runed translucent gate.
 14068 | D:10     | Found a runed translucent gate.
 14099 | D:10     | Noticed a two-headed ogre
 14119 | D:10     | Killed a two-headed ogre
 14397 | D:10     | Noticed 101zpm's ghost (journeyman DjFE)
 14732 | D:10     | Identified the +1 robe "Wets" {rCorr Stlth+}
 14870 | D:11     | Noticed Nergalle
 14889 | D:11     | HP: 4/94 [spectral orc knight/+4 vorpal dire
                  | flail[Nergalle] (12)]
 14889 | D:11     | Slain by a spectral orc knight

Illustrated notes

Levels and vault maps discovered:
D:1:      wheals_arrival_linesprint, layout_loops_ring
D:2:      layout_rooms, chequers_ecumenical_altar_simple
D:3:      layout_loops_ring
D:4:      corexii_shantytown, layout_loops_cross
D:5:      layout_basic
D:6:      layout_basic
D:7:      wad_crossroads, layout_basic, mainiacjoe_overflow_catwalk,
          temple_pool_b, serial_shops, shop, kennysheep_nondescript
D:8:      layout_rooms, elyvilon_altar_1, minmay_tree_intersection,
          minmay_misc_feat_diagonals, kennysheep_generic_room_14, uniq_maggie
D:9:      minmay_the_grid_plus [minmay_the_grid_odd_star,
          minmay_the_grid_all_tris, minmay_the_grid_spin_star,
          minmay_the_grid_minigrid_medium,
          minmay_the_grid_prize_shrinking_boxes], layout_irregular_city,
          nicolae_sif_muna_condensation, erik_orc_1, nicolae_lava_and_water,
          minmay_fountain_box, uniq_joseph
D:10:     layout_basic, ebering_ghost_rock_garden
D:11:     layout_loops_corners, lair_entry_dummy,
          amcnicky_mini_corridor_feature, chequers_serial_rivers_micro_b,
          grunt_decor_fettered, grunt_gozag_statues, uniq_nergalle,
          uniq_josephine
Temple:   mainiacjoe_temple_bowtie_tessellation

Skill      XL: |  1  2  3  4  5  6  7  8  9 10 11 |
---------------+----------------------------------+-----
Axes           | 2 3 4 5 6 7 8 9 10 | 10.2
Shields        | 3 4 5 6 7 8 |  8.2
Armour         | 3 4 6 |  6.4
Dodging        | 1 3 4 5 6 |  6.4
Fighting       | 4 5 6 7 |  7.8
Stealth        | 0 |  0.0

Action                   |  1- 3 |  4- 6 |  7- 9 | 10-12 || total
-------------------------+-------+-------+-------+-------++-------
Melee: War axe           |    79 |    34 |    39 |   281 ||   433
       Hand axe          |       |   325 |       |       ||   325
       Whip              |       |     6 |   378 |       ||   384
       Broad axe         |       |       |       |    24 ||    24
Throw: Dart              |       |       |     3 |       ||     3
Invok: Sacrifice Stealth |       |       |     1 |       ||     1
       Draw Out Power    |       |       |       |     1 ||     1
       Sacrifice Artific |       |       |       |     1 ||     1
Evoke: Wand              |       |       |       |     3 ||     3
  Use: Scroll            |       |     4 |     6 |     4 ||    14
       Potion            |       |       |     1 |     2 ||     3
 Stab: Confused          |       |       |       |     3 ||     3
Armor: Scale mail        |    27 |       |       |       ||    27
       Plate armour      |    29 |   233 |   229 |    60 ||   551
       Swamp dragon scal |       |       |    12 |   114 ||   126
Dodge: Dodged            |    28 |    91 |   101 |   186 ||   406
       Repelled          |       |     1 |     1 |     2 ||     4
Block: Buckler           |    17 |    67 |    82 |    14 ||   180
       Kite shield       |       |       |       |   192 ||   192
